 Dungeon Crawl Stone Soup version 0.30.0-13-g156ef70053 (webtiles) character file.

Game seed: 13625759661676323951

2263 NotreDorf the Thaumaturge (level 9, -1/61 HPs)
             Began as a Mummy Necromancer on May 17, 2023.
             Was an Initiate of Sif Muna.
             Slain by a wight
             ... wielding a +0 war axe
              (10 damage)
             ... on level 7 of the Dungeon on May 18, 2023.
             The game lasted 00:24:12 (6309 turns).

NotreDorf the Thaumaturge (Mummy Necromancer)       Turns: 6309, Time: 00:24:12

Health: -1/61      AC:  5    Str: 12    XL:     9   Next: 15%
Magic:  21/21      EV: 14    Int: 18    God:    Sif Muna [......]
Gold:   390        SH:  0    Dex: 12    Spells: 12/25 levels left

rFire   x . .        d - +1 quarterstaff (spect)
rCold   + . .        (shield currently unavailable)
rNeg    + + +        a - +1 robe
rPois   ∞            e - +0 helmet
rElec   .            (no cloak)
rCorr   .            (no gloves)
SInv    .            c - +0 pair of boots
Will    ++...        (no amulet)
Stlth   ++           j - ring of willpower
HPRegen 0.30/turn    (no ring)
MPRegen 0.17/turn

%: faith
@: no status effects
A: cold resistance 1, negative energy resistance 3, torment resistance 2, heat
vulnerability 1, in touch with death 1, no potions, faith
a: Renounce Religion


You were on level 7 of the Dungeon.
You worshipped Sif Muna.
Sif Muna was noncommittal.
You visited 1 branch of the dungeon, and saw 7 of its levels.

You collected 390 gold pieces.

Inventory:

Hand Weapons
 d - a +1 spectral quarterstaff (weapon)
 f - a +0 dagger of speed
 p - a +1 trident of protection
Armour
 a - a +1 robe (worn)
 c - a +0 pair of boots (worn)
 e - a +0 helmet (worn)
Jewellery
 j - a ring of willpower (left hand)
Wands
 b - a wand of acid (10)
 m - a wand of charming (10)
 o - a wand of flame (10)
Scrolls
 g - 2 scrolls of teleportation
 h - 4 scrolls of identify
 i - 2 scrolls of enchant armour
 k - 2 scrolls of amnesia
 n - 2 scrolls of fear


   Skills:
 + Level 1.8 Fighting
 + Level 6.0 Dodging
 - Level 1.5 Stealth
 + Level 8.7 Spellcasting
 + Level 8.1 Necromancy


You had 12 spell levels left.
You knew the following spells:

 Your Spells              Type           Power      Damage    Failure   Level
a - Necrotise             Necr           100%       1d9       1%          1
b - Vampiric Draining     Necr           53%        2d9       1%          3
c - Agony                 Necr           53%        N/A       9%          5
d - Animate Dead          Necr           53%        N/A       3%          4

Your spell library contained the following spells:

 Spells                   Type           Power      Damage    Failure   Level
 Ignite Poison            Fire/Tmut/Pois 7%         N/A       26%         3
 Sticky Flame             Conj/Fire      7%         2d3       65%         4
 Ignition                 Fire           3%         3d4       100%        8


Dungeon Overview and Level Annotations

Branches:
Dungeon (7/15)             Temple (0/1) D:6

Altars:
Qazlal
Sif Muna
Wu Jian

Shops:
D:4 =


Innate Abilities, Weirdness & Mutations

You are immune to poison.
Your flesh is cold resistant. (rC+)
You are immune to negative energy. (rN+++)
You are immune to unholy pain and torment.
You are vulnerable to heat. (rF-)
You are in touch with the powers of death.
You do not drink.
You have a special connection with the divine. (Faith)


Message History

You hit the sleepcap.
You destroy the sleepcap!
Sif Muna accepts your kill.
Your Dodging skill increases to level 6!
You hear the steady creaking of a very distant portcullis.
A wight comes into view. It is wielding a +0 war axe.
There is an open door here.
You hit the wight.
The wight is moderately damaged.
The wight hits you with a +0 war axe! The wight misses you.
You hit the wight but do no damage.
The wight is moderately damaged.
The wight hits you with a +0 war axe!
You hit the wight.
The wight is moderately damaged.
The wight hits you with a +0 war axe.
You closely miss the wight.
The wight is moderately damaged.
The wight hits you but does no damage.
You hit the wight but do no damage.
The wight is moderately damaged.
The wight hits you with a +0 war axe. The wight hits you with a +0 war axe!
You are too injured to fight recklessly!
You are too injured to fight recklessly!
You hit the wight but do no damage.
The wight is moderately damaged.
The wight hits you with a +0 war axe!
* * * LOW HITPOINT WARNING * * *
You hit the wight but do no damage.
The wight is moderately damaged.
The wight barely misses you.
You hit the wight.
The wight is severely damaged.
The wight hits you with a +0 war axe!
* * * LOW HITPOINT WARNING * * *
The wight misses you.
You hit the wight.
The wight is severely damaged.
The wight hits you with a +0 war axe!
You die...

##.## #.#.# #.#
#...# #.#.# #.#
##.#.####.#.# #.#
#.........#.#
#.###.#.........#
...#..############
#
#.##..............
#.
#z#...############
#.#@#.#.#
#.....#.#
#######)# #.# #.#
..# ##


You could see a wight.

Vanquished Creatures
  A two-headed ogre (D:5)
  Pikel (D:4)
  Joseph (D:7)
  Menkaure (D:4)
  A water moccasin (D:6)
  A black bear (D:5)
  A gnoll sergeant (D:5)
  2 scorpions (D:4)
  3 hounds
  A jelly (D:4)
  2 sleepcaps
  3 iguanas
  5 gnolls (D:5)
  7 adders
  2 white imps
  An ufetubus (D:5)
  A worm (D:3)
  5 orcs (D:4)
  8 endoplasms
  3 giant cockroaches
  7 goblins
  8 hobgoblins
  3 quokkas
  9 ball pythons
  5 bats
  3 frilled lizards
  6 kobolds
  2 rats
93 creatures vanquished.

Vanquished Creatures (collateral kills)
  2 gnolls (D:5)
  2 ball pythons
  2 goblins
  A bat (D:1)
7 creatures vanquished.

Grand Total: 100 creatures vanquished

Notes
Turn   | Place    | Note
-------+----------+-------------------------------------------
     0 | D:1      | NotreDorf the Mummy Necromancer began the quest for the
                  | Orb.
     0 | D:1      | Reached XP level 1. HP: 13/13 MP: 4/4
   280 | D:1      | Reached XP level 2. HP: 19/19 MP: 3/6
  1241 | D:2      | Gained mutation: You are in touch with the powers of death.
                  | [Mummy growth]
  1241 | D:2      | Reached XP level 3. HP: 24/24 MP: 4/7
  1311 | D:2      | Learned a level 3 spell: Vampiric Draining
  2110 | D:3      | Reached XP level 4. HP: 30/30 MP: 4/9
  2111 | D:3      | Found a stormy altar of Qazlal.
  3172 | D:4      | Noticed a scorpion
  3178 | D:4      | Killed a scorpion
  3179 | D:4      | Reached skill level 5 in Necromancy
  3179 | D:4      | Reached XP level 5. HP: 35/35 MP: 5/11
  3403 | D:4      | Noticed Menkaure
  3428 | D:4      | Killed Menkaure
  3429 | D:4      | Reached skill level 5 in Spellcasting
  3429 | D:4      | Reached XP level 6. HP: 25/41 MP: 11/13
  3660 | D:4      | Found a large runed translucent door.
  3661 | D:4      | Found a large runed translucent door.
  3664 | D:4      | Found Mezar's Jewellery Emporium.
  3880 | D:4      | Noticed Pikel
  3893 | D:4      | Killed Pikel
  3894 | D:4      | Reached XP level 7. HP: 10/46 MP: 0/16
  4088 | D:4      | Found an ornate altar of the Wu Jian Council.
  4095 | D:4      | Found a shimmering blue altar of Sif Muna.
  4100 | D:4      | Became a worshipper of Sif Muna the Loreminder
  4107 | D:4      | Learned a level 5 spell: Agony
  4159 | D:5      | Entered Level 5 of the Dungeon
  4552 | D:5      | Learned a level 4 spell: Animate Dead
  4598 | D:5      | Reached XP level 8. HP: 16/52 MP: 4/18
  5205 | D:5      | Noticed a two-headed ogre
  5214 | D:5      | HP: 2/52 [two-headed ogre/+0 giant club (25)]
  5215 | D:5      | Killed a two-headed ogre
  5216 | D:5      | Reached skill level 5 in Dodging
  5651 | D:6      | Found a staircase to the Ecumenical Temple.
  5949 | D:7      | Noticed Joseph
  5977 | D:7      | Killed Joseph
  5978 | D:7      | Reached skill level 1 in Fighting
  5978 | D:7      | Reached XP level 9. HP: 12/61 MP: 16/21
  6309 | D:7      | Slain by a wight

Illustrated notes

Levels and vault maps discovered:
D:1:      dpeg_arrival_rooms_with_view, layout_basic, chequers_mini_garden
D:2:      layout_loops_cross
D:3:      layout_basic, mainiacjoe_overflow_chevrons
D:4:      layout_basic, jmf_multi_god_temple2, serial_shops,
          nicolae_shop_tiny_statue_garden, hangedman_decor_clover_reticule,
          uniq_menkaure, uniq_pikel
D:5:      layout_basic, kennysheep_doodads
D:6:      layout_cave_pools, minmay_temple_entry_butterflies
D:7:      minmay_the_grid_triangle_9x9_recursive_2
          [minmay_the_grid_triangle_9x9_prize_insulated,
          minmay_the_grid_triangle_9x9_impossible_snake,
          minmay_the_grid_triangle_9x9_pentomino_pain,
          minmay_the_grid_triangle_9x9_from_above], layout_basic,
          old_standard_altar, enter_bailey_4, uniq_joseph

Skill      XL: |  1  2  3  4  5  6  7  8  9 |
---------------+----------------------------+-----
Spellcasting   | 3 4 5 6 7 8 |  8.7
Dodging        | 2 3 4 5 6 |  6.0
Necromancy     | 5 6 8 |  8.1
Fighting       | 1 |  1.8
Stealth        | |  1.5

Action                     |  1- 3 |  4- 6 |  7- 9 || total
---------------------------+-------+-------+-------++-------
  Melee: Unarmed           |     5 |       |       ||     5
         Dagger            |    34 |    35 |    42 ||   111
         Punch             |     1 |     1 |       ||     2
         Trident           |       |       |    58 ||    58
         Quarterstaff      |       |       |    10 ||    10
   Cast: Necrotise         |    64 |    64 |    82 ||   210
         Vampiric Draining |       |     4 |       ||     4
         Agony             |       |       |     3 ||     3
  Evoke: Wand              |       |       |    11 ||    11
    Use: Scroll            |     8 |       |     1 ||     9
 Armour: Robe              |     5 |     7 |    35 ||    47
  Dodge: Dodged            |    30 |    20 |    89 ||   139
